[Event "Titled Tuesday Blitz March 22 Early 2022"]
[White "Neiksans, Arturs"]
[Black "Yang, Kaiqi"]
[WhiteFideId "11601388"]
[BlackFideId "8604398"]
[WhiteElo "2447"]
[BlackElo "2373"]
[Result "1-0"]
[Round "10"]
[TimeControl "180+1"]
[Date "2022.03.22"]
[WhiteClock "0:00:45"]
[BlackClock "0:00:01"]

1. e4 e6 2. Qe2 c5 3. g3 Nc6 4. Bg2 g6 5. Nf3 Bg7 6. O-O Nge7 7. c3 O-O 8. Rd1 e5 9. Na3 d6 10. Nc4 f5 11. d3 h6 12. a4 Be6 13. Rb1 a5 14. Nfd2 f4 15. Nf1 g5 16. Bf3 Rf6 17. Bg4 Qc7 18. Bxe6+ Rxe6 19. h3 Rf8 20. Nh2 Qc8 21. Qg4 fxg3 22. fxg3 Ref6 23. Qxc8 Nxc8 24. Rf1 Kh7 25. Bd2 Kg6 26. Rxf6+ Rxf6 27. Kg2 h5 28. Nf1 Bh6 29. g4 hxg4 30. hxg4 Bf8 31. Ng3 Nd8 32. Nf5 Ne6 33. Rh1 Rf7 34. Rh8 b6 35. Kg3 Rh7 36. Rxh7 Kxh7 37. Nce3 Ne7 38. Nxe7 Bxe7 39. Nd5 Bd8 40. Kf3 Kg6 41. Ke2 Kf7 42. Kd1 Ke8 43. Kc2 Kd7 44. Kb3 Kc6 45. Kc4 Nf8 46. b4 cxb4 47. cxb4 Ne6 48. Be3 axb4 49. Nxb4+ Kb7 50. Kd5 Nf4+ 51. Kxd6 Bc7+ 52. Kd7 Bb8 53. Ke7 Ne2 54. Kf6 Bd6 55. Nd5 Nf4 56. Kxg5 Nxd3 57. Kf5 1-0


[Site "https://www.chess.com"]

[Event "Titled Tuesday Blitz March 22 Early 2022"]
[White "Obolentseva, Alexandra"]
[Black "Fathy, Elameir"]
[WhiteFideId "24153648"]
[BlackFideId "10600396"]
[WhiteElo "2113"]
[BlackElo "2311"]
[Result "1-0"]
[Round "10"]
[TimeControl "180+1"]
[Date "2022.03.22"]
[WhiteClock "0:00:08"]
[BlackClock "0:00:01"]

1. d4 d5 2. c4 c6 3. Nf3 Nf6 4. Nc3 dxc4 5. a4 Bf5 6. e3 e6 7. Bxc4 Bb4 8. O-O O-O 9. Qe2 Nbd7 10. Rd1 Bg6 11. Ne5 Qc7 12. Nd3 Bd6 13. h3 e5 14. dxe5 Nxe5 15. Nxe5 Bxe5 16. Bd2 Rfe8 17. Be1 h6 18. Qf1 Rad8 19. Be2 Qb6 20. Ra2 Qb3 21. Bc4 Qb4 22. Rc1 Qe7 23. Ne2 Ne4 24. b3 Nd6 25. Bb4 Qc7 26. Bxd6 Bxd6 27. Rd1 Bh2+ 28. Kh1 Be5 29. Rad2 Rxd2 30. Rxd2 a6 31. Qd1 b5 32. Bd3 Bh5 33. f3 Bd6 34. Be4 Bc5 35. Rd7 Qb6 36. Nf4 Rxe4 37. Rd8+ Kh7 38. Qd3 Bg6 39. Nxg6 fxg6 40. fxe4 Bxe3 41. e5 bxa4 42. bxa4 Bf4 43. Rd6 Qf2 44. Qxg6+ Kg8 45. Rd8# 1-0


[Site "https://www.chess.com"]

[Event "Titled Tuesday Blitz March 22 Early 2022"]
[White "Olsen, Filip Boe"]
[Black "Gubanov, Oleg"]
[WhiteFideId "1440640"]
[BlackFideId "14115115"]
[WhiteElo "2188"]
[BlackElo "2080"]
[Result "1-0"]
[Round "10"]
[TimeControl "180+1"]
[Date "2022.03.22"]
[WhiteClock "0:00:48"]
[BlackClock "0:00:08"]

1. d4 b5 2. Nf3 Bb7 3. c3 e6 4. a4 b4 5. Bg5 Nf6 6. e3 h6 7. Bh4 a5 8. Be2 Be7 9. O-O O-O 10. Nbd2 c5 11. Nc4 d5 12. Nce5 Ba6 13. cxb4 cxb4 14. Rc1 Ne4 15. Bxe7 Qxe7 16. Bxa6 Rxa6 17. Qd3 Qb7 18. h3 f6 19. Ng6 Rd8 20. Rc2 Kf7 21. Nf4 Rc8 22. Rfc1 Rac6 23. Ne2 Rxc2 24. Rxc2 Rxc2 25. Qxc2 b3 26. Qd1 Nc6 27. Nc1 Qb4 28. Qxb3 Nd2 29. Qxb4 Nxf3+ 30. gxf3 axb4 31. Nb3 Ke7 32. f4 Kd6 33. Kg2 g6 34. Kf3 g5 35. Kg4 Ne7 36. a5 e5 37. dxe5+ fxe5 38. fxg5 hxg5 39. Kxg5 1-0


[Site "https://www.chess.com"]

[Event "Titled Tuesday Blitz March 22 Early 2022"]
[White "Omelja, Artem"]
[Black "Krysa, Leandro"]
[WhiteFideId "14119846"]
[BlackFideId "116807"]
[WhiteElo "2382"]
[BlackElo "2490"]
[Result "0-1"]
[Round "10"]
[TimeControl "180+1"]
[Date "2022.03.22"]
[WhiteClock "0:00:02"]
[BlackClock "0:01:32"]

1. d4 d5 2. c4 c6 3. Nc3 Nf6 4. Nf3 dxc4 5. e3 b5 6. a4 b4 7. Nb1 e6 8. Bxc4 Be7 9. O-O O-O 10. Nbd2 c5 11. Nb3 Nbd7 12. dxc5 Nxc5 13. Nxc5 Bxc5 14. b3 Bb7 15. Bb2 Qe7 16. Qe2 a5 17. Rac1 Rac8 18. Rfd1 Rfd8 19. Nd4 Ne4 20. Qg4 Nf6 21. Qe2 h6 22. h3 Ne4 23. Qg4 Nf6 24. Qe2 Nd5 25. Nb5 Qg5 26. Qg4 Nxe3 27. Qxg5 hxg5 28. fxe3 Bxe3+ 29. Kf1 Bxc1 30. Rxc1 Rd2 31. Be5 Bxg2+ 32. Ke1 Rcd8 0-1


[Site "https://www.chess.com"]

[Event "Titled Tuesday Blitz March 22 Early 2022"]
[White "Pajeken, Jakob Leon"]
[Black "Weetik, Vjacheslav"]
[WhiteFideId "12942839"]
[BlackFideId "4153472"]
[WhiteElo "2351"]
[BlackElo "2469"]
[Result "0-1"]
[Round "10"]
[TimeControl "180+1"]
[Date "2022.03.22"]
[WhiteClock "0:00:28"]
[BlackClock "0:00:12"]

1. d4 Nf6 2. Nf3 g6 3. g3 Bg7 4. Bg2 O-O 5. O-O d5 6. c4 c6 7. Ne5 Be6 8. a4 Nfd7 9. Nf3 Nf6 10. Nc3 dxc4 11. e4 Na6 12. Ng5 Bg4 13. f3 Bc8 14. Be3 Nd7 15. Qe2 e5 16. d5 h6 17. Nh3 Nb6 18. dxc6 bxc6 19. a5 Nd7 20. Qxc4 Qc7 21. Rfd1 Rb8 22. Rd2 Re8 23. Rad1 Nf6 24. Qa2 Nb4 25. Qa4 Bf8 26. Nf2 Be6 27. Bh3 Bxh3 28. Nxh3 c5 29. Nf2 c4 30. h3 Bc5 31. Bxc5 Qxc5 32. Rd6 Kg7 33. Kg2 Nd3 34. R6xd3 cxd3 35. Nxd3 Qe7 36. a6 Red8 37. Rd2 Rd4 38. Qa5 Rbd8 39. Qb5 Qd7 40. Qxd7 R8xd7 0-1


[Site "https://www.chess.com"]

[Event "Titled Tuesday Blitz March 22 Early 2022"]
[White "Perera Alfonso, Rene Humberto"]
[Black "Gaehwiler, Gabriel"]
[WhiteFideId "3514722"]
[BlackFideId "1314530"]
[WhiteElo "2313"]
[BlackElo "2383"]
[Result "1-0"]
[Round "10"]
[TimeControl "180+1"]
[Date "2022.03.22"]
[WhiteClock "0:00:59"]
[BlackClock "0:00:08"]

1. e4 e5 2. Nf3 Nf6 3. Nxe5 d6 4. Nf3 Nxe4 5. d4 d5 6. Bd3 Nc6 7. O-O Be7 8. Nc3 Nf6 9. h3 O-O 10. Re1 Nb8 11. Bf4 c6 12. Qd2 Bd7 13. Ne2 Na6 14. c3 Nc7 15. Ng3 Re8 16. Re2 Bf8 17. Rae1 Rxe2 18. Rxe2 Ne6 19. Be5 a5 20. Nf5 c5 21. dxc5 Nxc5 22. N3d4 Nfe4 23. Bxe4 Nxe4 24. Qf4 g5 25. Qf3 f6 26. Bg3 Qe8 27. Bd6 Bxd6 28. Nxd6 Qe5 29. Nxe4 dxe4 30. Rxe4 Qd6 31. Re3 Re8 32. Rxe8+ Bxe8 33. Qxb7 Bd7 34. Qe4 Kf7 35. Qxh7+ Ke8 36. Qg8+ Ke7 37. Qg7+ Kd8 38. h4 Qf4 39. Qf8+ Kc7 40. Qc5+ Kd8 41. Qxa5+ Ke7 42. Qc5+ Kd8 43. Qb6+ Ke8 44. Nf3 Qc1+ 45. Kh2 Qf4+ 46. Kh1 Qc1+ 47. Ng1 gxh4 48. Qe3+ Qxe3 49. fxe3 Be6 50. b3 Kd7 51. Kh2 Kc6 52. Nf3 Kc5 53. Nxh4 Kd5 54. Kg3 Ke4 55. Kf2 Kd3 56. c4 Kc3 57. c5 Kb2 58. b4 Kxa2 59. b5 Kb3 60. c6 Kc4 61. b6 Kc5 62. b7 1-0


[Site "https://www.chess.com"]

[Event "Titled Tuesday Blitz March 22 Early 2022"]
[White "Pesotskiy, Mikhail"]
[Black "Zemerov, Vladimir"]
[WhiteFideId "34164453"]
[BlackFideId "4111583"]
[WhiteElo "2010"]
[BlackElo "2277"]
[Result "0-1"]
[Round "10"]
[TimeControl "180+1"]
[Date "2022.03.22"]
[WhiteClock "0:01:05"]
[BlackClock "0:01:21"]

1. d4 d6 2. c4 g6 3. e4 Bg7 4. Nc3 Nc6 5. Be3 e5 6. d5 Nd4 7. Nge2 Bg4 8. Qd2 Bxe2 9. Bxe2 c5 10. dxc6 bxc6 11. O-O Ne7 12. b4 O-O 13. b5 c5 14. f3 f5 15. Bg5 Bf6 16. Bd3 f4 17. Bxf6 Rxf6 18. Ne2 g5 19. Nxd4 cxd4 20. h3 h5 21. Kf2 Ng6 22. Rac1 Rc8 23. Qb4 Qb6 24. a4 a5 25. Qb3 Rc5 26. Ke2 Nh4 27. Rg1 Rg6 28. Kd2 Kg7 29. Be2 Rc7 30. Kd3 Kh6 31. Rce1 Rg8 32. Ref1 Rgc8 33. Rc1 Rc5 34. Bd1 d5 35. exd5 Nf5 36. Be2 Nd6 37. Kd2 e4 38. Rgd1 d3 39. Bf1 Nxc4+ 40. Rxc4 Rxc4 41. Re1 0-1


[Site "https://www.chess.com"]

[Event "Titled Tuesday Blitz March 22 Early 2022"]
[White "Petrosyan, Manuel"]
[Black "Paravyan, David"]
[WhiteFideId "13300857"]
[BlackFideId "4194985"]
[WhiteElo "2592"]
[BlackElo "2569"]
[Result "1/2-1/2"]
[Round "10"]
[TimeControl "180+1"]
[Date "2022.03.22"]
[WhiteClock "0:00:16"]
[BlackClock "0:00:24"]

1. d4 Nf6 2. Nf3 g6 3. c4 Bg7 4. Nc3 d5 5. e3 O-O 6. Bd2 e6 7. Rc1 Nbd7 8. Qb3 c6 9. a4 a6 10. Bd3 dxc4 11. Qxc4 Qe7 12. Ne4 Nd5 13. Nc5 Rd8 14. a5 Nxc5 15. Qxc5 Qxc5 16. Rxc5 e5 17. Nxe5 Bxe5 18. dxe5 Nxe3 19. Ke2 Bf5 20. Bxa6 bxa6 21. Bxe3 Rab8 22. Kf3 Rb4 23. h3 Be4+ 24. Kg3 Rxb2 25. Rc4 Bd5 26. Rd1 Re8 27. Rc3 Rxe5 28. h4 f6 29. Bd4 Re6 30. Rxc6 Rb3+ 31. Rc3 Rxc3+ 32. Bxc3 Bc6 33. Rd8+ Kf7 34. Rc8 h5 35. Rc7+ Ke8 36. f3 Bb5 37. Rg7 Bd3 38. Bd4 Kf8 39. Rc7 Bb5 40. Bc5+ Kg8 41. Bd4 Kf8 42. Kf2 Kg8 43. Ra7 Kf8 44. Kg3 Kg8 45. Rb7 g5 46. hxg5 fxg5 47. Rg7+ Kf8 48. Rxg5 Bf1 49. Kf2 Bb5 50. Rxh5 Kf7 51. Rf5+ Kg6 52. Rf4 Rc6 53. Kg3 Rc2 54. Rg4+ Kf5 55. Rf4+ Ke6 56. Re4+ Kd5 57. Bf2 Ra2 58. Bb6 Bf1 59. Bf2 Rxa5 60. Re1 Bb5 61. Rd1+ Ke6 62. Rh1 Ra2 63. Rh6+ Kd5 64. Be3 a5 65. Kh3 Bf1 66. Rg6 a4 67. Bh6 a3 68. Bf8 Ra1 69. Rg5+ Kc4 70. Ra5 a2 71. Bg7 Kb4 72. Bxa1 Kxa5 73. Kg3 Kb4 74. Kf2 Bd3 75. g4 Bc2 76. Kg3 Bd1 77. f4 Kc5 78. f5 Kd6 79. Kf4 Ke7 80. g5 Bc2 81. g6 Bb1 82. Kg5 Bc2 83. f6+ Kf8 84. Bb2 Bb3 85. Kf4 Kg8 86. Ke5 Kf8 87. Kd6 Bc2 88. Ke6 Bxg6 89. Ke5 Kg8 90. Kd4 Kf7 91. Kc3 Kxf6 92. Ba1 Kf5 93. Kb2 Bf7 94. Kc1 Ke4 95. Bh8 Kd3 96. Kb2 Be6 97. Ka1 Kc4 98. Bg7 Kb5 99. Bh8 Kc6 100. Bg7 Kd5 101. Bh8 Ke4 102. Bg7 Kf5 103. Bh8 Kg4 104. Bb2 Kg5 105. Bc3 Kh6 106. Bb2 Kg6 107. Bc3 Kf5 108. Bb2 Ke4 109. Bc3 Kf3 110. Bb2 Ke3 111. Bc3 Ke2 112. Bb2 Kd3 113. Bc3 Kxc3 1/2-1/2


[Site "https://www.chess.com"]

[Event "Titled Tuesday Blitz March 22 Early 2022"]
[White "Petrova, Irina"]
[Black "Fiorito, Fabian"]
[WhiteFideId "14124122"]
[BlackFideId "100200"]
[WhiteElo "1993"]
[BlackElo "2395"]
[Result "0-1"]
[Round "10"]
[TimeControl "180+1"]
[Date "2022.03.22"]
[WhiteClock "0:00:25"]
[BlackClock "0:01:23"]

1. e4 c6 2. d4 d5 3. e5 Bf5 4. h4 h6 5. Nc3 a6 6. g4 Bd7 7. f4 e6 8. Nf3 h5 9. g5 g6 10. Be3 Ne7 11. Bd3 c5 12. dxc5 Nec6 13. Qd2 Qa5 14. Qf2 Qb4 15. O-O-O Bc8 16. a3 Qa5 17. f5 gxf5 18. g6 fxg6 19. Rhg1 Rg8 20. Bxf5 exf5 21. Nxd5 Be7 22. Nb6 Be6 23. Nxa8 Nd7 24. Nb6 Nxc5 25. Na8 Ne4 26. Qe2 Bxa3 27. Ng5 Bxb2+ 28. Kxb2 Qb4+ 29. Kc1 Qa3+ 30. Kb1 Nc3# 0-1


[Site "https://www.chess.com"]

[Event "Titled Tuesday Blitz March 22 Early 2022"]
[White "Piliczewski, Bogusz"]
[Black "Thomas, Anysia"]
[WhiteFideId "1104144"]
[BlackFideId "670472"]
[WhiteElo "1896"]
[BlackElo "2002"]
[Result "0-1"]
[Round "10"]
[TimeControl "180+1"]
[Date "2022.03.22"]
[WhiteClock "0:00:00"]
[BlackClock "0:00:20"]

1. d4 g6 2. Nf3 Bg7 3. Bf4 Nf6 4. e3 d5 5. h3 O-O 6. Be2 c5 7. c3 Nc6 8. O-O b6 9. Nbd2 Bb7 10. Qb3 Ne4 11. Nxe4 dxe4 12. Nd2 e5 13. Bh2 exd4 14. Nxe4 d3 15. Bf3 Ne5 16. Bxe5 Bxe5 17. Rfd1 Rc8 18. Qc4 Qh4 19. Rxd3 b5 20. Qxb5 Bxe4 21. Bxe4 Qxe4 22. Rad1 Rb8 23. Qxc5 Bg7 24. b4 Rbc8 25. Qxa7 Bxc3 26. a3 Be5 27. Qb6 Qxd3 28. Rf1 Qe4 29. Qb5 Rfd8 30. a4 Bb8 31. a5 Qd5 32. Qxd5 Rxd5 33. Rb1 Rb5 34. Kf1 Ba7 35. Ke2 Rc4 36. Kd3 Rcxb4 37. Rc1 Rb3+ 38. Ke2 Rxa5 39. Rc8+ Kg7 0-1


[Site "https://www.chess.com"]

[Event "Titled Tuesday Blitz March 22 Early 2022"]
[White "Pires, Marcos Vinicius Torsani"]
[Black "Samaganova, Aleksandra"]
[WhiteFideId "2118939"]
[BlackFideId "13800221"]
[WhiteElo "2273"]
[BlackElo "1859"]
[Result "1-0"]
[Round "10"]
[TimeControl "180+1"]
[Date "2022.03.22"]
[WhiteClock "0:00:38"]
[BlackClock "0:00:01"]

1. e4 c5 2. c3 d5 3. exd5 Qxd5 4. d4 Nf6 5. Nf3 Bf5 6. Be3 Bxb1 7. Rxb1 cxd4 8. Nxd4 Nbd7 9. Qb3 Qxb3 10. axb3 a6 11. b4 e5 12. Nb3 Nd5 13. Bd2 Be7 14. Be2 O-O 15. O-O Rac8 16. Na5 Rc7 17. Bf3 N7b6 18. Rfe1 f6 19. Rbd1 Rd8 20. Bc1 Rdd7 21. Bg4 Rd6 22. Rd3 g6 23. Bd1 Kf8 24. Bb3 Nf4 25. Rxd6 Bxd6 26. Bxf4 exf4 27. Re6 Bxb4 28. Rxb6 Bxa5 29. Rxf6+ Kg7 30. Rxf4 Re7 31. g3 Bc7 32. Rc4 b6 33. Rc6 a5 34. Bc4 Bd8 35. Rc8 Bc7 36. Kg2 h6 37. h4 g5 38. h5 Rd7 39. Be6 Re7 40. Bf5 Kf6 41. Bd3 Kg7 42. Bc4 Kf6 43. Rh8 1-0


[Site "https://www.chess.com"]

[Event "Titled Tuesday Blitz March 22 Early 2022"]
[White "Prohorov, Olexandr"]
[Black "Kanyamarala, Trisha"]
[WhiteFideId "14105578"]
[BlackFideId "45004722"]
[WhiteElo "1993"]
[BlackElo "2047"]
[Result "1-0"]
[Round "10"]
[TimeControl "180+1"]
[Date "2022.03.22"]
[WhiteClock "0:00:29"]
[BlackClock "0:00:01"]

1. e4 c5 2. c3 Nf6 3. e5 Nd5 4. Nf3 d6 5. Bc4 e6 6. d4 cxd4 7. cxd4 Nc6 8. O-O Be7 9. Qe2 O-O 10. Nc3 Nxc3 11. bxc3 dxe5 12. Nxe5 Bd7 13. Nxd7 Qxd7 14. Bd3 Rfe8 15. Rb1 Bf6 16. Qe4 g6 17. h4 Bg7 18. h5 Rab8 19. hxg6 hxg6 20. Qg4 Ne5 21. Qg3 Nxd3 22. Qxd3 e5 23. d5 e4 24. Qd2 b5 25. Rd1 Rbd8 26. Ba3 Re5 27. d6 Rh5 28. Qf4 Be5 29. Qxe4 Re8 30. Qf3 Bh2+ 31. Kf1 Rhe5 32. Qh3 Qxh3 33. gxh3 Rd8 34. Kg2 Bf4 35. Rd4 Bg5 36. Rbd1 Bf6 37. d7 Rg5+ 38. Rg4 Rxg4+ 39. hxg4 Kg7 40. f4 g5 41. Kf3 gxf4 42. Kxf4 Kg6 43. Rd6 Kg7 44. g5 Bxc3 45. Rd5 b4 46. Bc1 Kf8 47. Kf5 Ke7 48. g6 fxg6+ 49. Kxg6 Rxd7 50. Bg5+ Ke6 51. Ra5 Rb7 52. Ra6+ Kd5 53. Kf5 Kc4 54. Ke4 1-0


[Site "https://www.chess.com"]

[Event "Titled Tuesday Blitz March 22 Early 2022"]
[White "Przybylski, Wojciech"]
[Black "Atakhan, Abtin"]
[WhiteFideId "1117599"]
[BlackFideId "22502203"]
[WhiteElo "2133"]
[BlackElo "2119"]
[Result "0-1"]
[Round "10"]
[TimeControl "180+1"]
[Date "2022.03.22"]
[WhiteClock "0:00:10"]
[BlackClock "0:00:11"]

1. e4 c5 2. Nf3 Nc6 3. Bb5 g6 4. O-O Bg7 5. c3 Nf6 6. Qe2 O-O 7. Rd1 d6 8. h3 Qb6 9. Ba4 Bd7 10. Bc2 Rac8 11. d3 Qc7 12. Bg5 h6 13. Bh4 Nh5 14. Nbd2 g5 15. Bg3 Nxg3 16. fxg3 Ne5 17. g4 Ng6 18. Nf1 b5 19. Ng3 b4 20. Nf5 bxc3 21. Nxg7 cxb2 22. Rab1 Kxg7 23. Rxb2 f6 24. Bb3 Rb8 25. d4 c4 26. Rc2 c3 27. Qe3 Rfc8 28. Rdc1 Qb6 29. Rxc3 Rxc3 30. Rxc3 Rc8 31. Kh2 Rc7 32. Qc1 Rxc3 33. Qxc3 Qc6 34. Qe3 a5 35. e5 dxe5 36. dxe5 Nxe5 37. Nxe5 Qc7 38. Kg3 a4 39. Bd5 fxe5 40. Kf2 Qc2+ 41. Kg1 Qd1+ 42. Kh2 Qxd5 43. Qa7 Qd6 44. Kg3 e4+ 45. Kf2 Qd2+ 46. Kg1 e3 47. Qc5 Qd1+ 48. Kh2 Qd6+ 49. Qxd6 exd6 50. Kg1 a3 51. Kf1 Be6 52. Ke2 Bxa2 53. Kxe3 Bd5 54. Kf2 a2 55. Kg3 a1=Q 56. h4 Qe5+ 0-1


[Site "https://www.chess.com"]

[Event "Titled Tuesday Blitz March 22 Early 2022"]
[White "Rastbod, Ali"]
[Black "Suarez Uriel, Adrian"]
[WhiteFideId "12567477"]
[BlackFideId "22230874"]
[WhiteElo "2200"]
[BlackElo "2316"]
[Result "1-0"]
[Round "10"]
[TimeControl "180+1"]
[Date "2022.03.22"]
[WhiteClock "0:01:43"]
[BlackClock "0:02:17"]

1. c4 e5 2. Nc3 Nf6 3. Nf3 Nc6 4. e4 Bc5 5. Nxe5 Bxf2+ 6. Kxf2 Nxe5 7. d4 Qe7 8. dxe5 Qxe5 9. Qf3 d6 10. h3 O-O 11. Bf4 Qc5+ 12. Be3 Qb4 13. Rb1 Bd7 14. Bd3 Bc6 15. Nd5 Bxd5 16. exd5 Rae8 17. Rhe1 Re7 18. a3 Qb3 19. Bd4 Rxe1 20. Rxe1 Qa2 21. Bxf6 gxf6 22. Qf5 Qxb2+ 23. Kf1 1-0


[Site "https://www.chess.com"]

[Event "Titled Tuesday Blitz March 22 Early 2022"]
[White "Rostovtsev, Dmitry"]
[Black "Gatterer, Florian"]
[WhiteFideId "34278320"]
[BlackFideId "811688"]
[WhiteElo "2359"]
[BlackElo "2218"]
[Result "1/2-1/2"]
[Round "10"]
[TimeControl "180+1"]
[Date "2022.03.22"]
[WhiteClock "0:00:04"]
[BlackClock "0:01:04"]

1. d4 Nf6 2. Bf4 d5 3. Nf3 c5 4. e3 Nc6 5. c3 Qb6 6. Qb3 c4 7. Qxb6 axb6 8. a3 b5 9. Nbd2 b4 10. cxb4 Nxb4 11. Rc1 Nc6 12. Ne5 e6 13. Be2 Be7 14. Nxc6 bxc6 15. O-O Bd7 16. Nf3 Ne4 17. Rc2 f6 18. Nd2 Nxd2 19. Rxd2 O-O 20. Bg3 Ra7 21. Bf3 Rb7 22. Rc1 Ra8 23. Rcc2 Kf7 24. e4 f5 25. exd5 cxd5 26. Re2 Bf6 27. Be5 Rc8 28. Bxf6 Kxf6 29. g3 g5 30. h3 Rb3 31. Rc3 Rcb8 32. Rxb3 Rxb3 33. Bg2 c3 34. bxc3 Rxa3 35. Rc2 Bb5 36. Rc1 Bc4 37. Bf1 f4 38. Bxc4 dxc4 39. gxf4 gxf4 40. Kg2 Kf5 41. Kf3 h6 42. Rc2 h5 43. Rc1 Rb3 44. Rc2 Rb1 45. Re2 Rb3 46. Re5+ Kf6 47. Kxf4 Rxc3 48. d5 exd5 49. Rxd5 Rxh3 50. Rd6+ Ke7 51. Rc6 c3 52. Kg5 Kd7 53. Rc4 Kd6 54. f4 Kd5 55. Rc8 Kd4 56. f5 Kd3 57. f6 Rh1 58. f7 Rf1 59. f8=Q Rxf8 60. Rxf8 h4 61. Kxh4 c2 62. Rf1 Kd2 63. Kg3 c1=Q 64. Rxc1 Kxc1 1/2-1/2


[Site "https://www.chess.com"]

[Event "Titled Tuesday Blitz March 22 Early 2022"]
[White "Sadovsky, Artem"]
[Black "Dwilewicz, Katarzyna"]
[WhiteFideId "4155840"]
[BlackFideId "1148486"]
[WhiteElo "2314"]
[BlackElo "1907"]
[Result "0-1"]
[Round "10"]
[TimeControl "180+1"]
[Date "2022.03.22"]
[WhiteClock "0:01:39"]
[BlackClock "0:02:02"]

1. Nf3 b6 2. e3 Bb7 3. c4 c5 4. Be2 g6 5. O-O Bg7 6. Nc3 e6 7. d4 cxd4 8. exd4 Ne7 9. Be3 O-O 10. Qd2 d6 11. Rfd1 Nd7 12. Rac1 Rc8 13. Bh6 Nf5 14. Bxg7 Kxg7 15. b3 Qf6 16. Qf4 Qe7 17. h4 a6 18. h5 Nf6 19. hxg6 hxg6 20. Ng5 Rh8 21. Nf3 Rh7 22. Kf1 Rh1+ 23. Ng1 Rch8 24. f3 Nh5 25. Kf2 0-1


[Site "https://www.chess.com"]

[Event "Titled Tuesday Blitz March 22 Early 2022"]
[White "Saldano Dayer, Horacio"]
[Black "Topalov, Aleksandar"]
[WhiteFideId "103411"]
[BlackFideId "925659"]
[WhiteElo "2419"]
[BlackElo "2158"]
[Result "1-0"]
[Round "10"]
[TimeControl "180+1"]
[Date "2022.03.22"]
[WhiteClock "0:00:04"]
[BlackClock "0:00:01"]

1. e4 e6 2. d4 d5 3. Nd2 Nf6 4. e5 Ng8 5. Bd3 Ne7 6. Ndf3 Qd7 7. Ne2 b6 8. Nf4 Ba6 9. Nh5 Bxd3 10. Qxd3 Nbc6 11. Bd2 Ng8 12. a4 g6 13. Nf4 h5 14. c3 Nh6 15. Nh3 Na5 16. Nhg5 Nf5 17. O-O Nc4 18. Bc1 Be7 19. h4 Kf8 20. g3 Kg7 21. Kg2 c5 22. Nh3 Rac8 23. b3 Na5 24. Rb1 c4 25. bxc4 Nxc4 26. Bg5 Bxg5 27. Nhxg5 Qxa4 28. Ng1 Qd7 29. N1h3 a5 30. Nf4 a4 31. Rb4 a3 32. Ra1 Ra8 33. Qf3 Ra7 34. Qe2 Qe7 35. Ra2 Nxd4 36. cxd4 Qxb4 37. Ngxe6+ fxe6 38. Nxe6+ Kf7 39. Ng5+ Kg7 40. Qf3 Qe7 41. Qxd5 Rc7 42. Ne6+ Kh7 43. Nxc7 Qxc7 44. Rc2 Rc8 45. Qe4 b5 46. d5 b4 47. d6 Qc5 48. d7 Rd8 49. Rxc4 Qe7 50. e6 a2 51. Rc1 b3 52. Qe5 Qb4 53. e7 b2 54. exd8=Q 1-0


[Site "https://www.chess.com"]

[Event "Titled Tuesday Blitz March 22 Early 2022"]
[White "Samunenkov, Ihor"]
[Black "Le Ruyet, Leopold"]
[WhiteFideId "14187086"]
[BlackFideId "645923"]
[WhiteElo "2409"]
[BlackElo "2276"]
[Result "1-0"]
[Round "10"]
[TimeControl "180+1"]
[Date "2022.03.22"]
[WhiteClock "0:00:13"]
[BlackClock "0:00:25"]

1. e4 e6 2. d4 d5 3. Nd2 c5 4. exd5 Qxd5 5. Ngf3 cxd4 6. Bc4 Qd6 7. O-O Nf6 8. Qe2 Nc6 9. Ne4 Nxe4 10. Qxe4 Be7 11. Bf4 Qc5 12. Bb3 Bd7 13. Ne5 Nxe5 14. Bxe5 f6 15. Bxd4 Qc6 16. Qxc6 bxc6 17. f4 g6 18. Rfe1 Kf7 19. Rad1 Rhd8 20. Bc4 a5 21. a4 c5 22. Bc3 Bxa4 23. Rxd8 Rxd8 24. Rxe6 Kf8 25. Bxf6 Bxf6 26. Rxf6+ Kg7 27. Rf7+ Kh8 28. b3 Bc6 29. Rc7 Be4 30. Rxc5 Bxc2 31. Bd5 Bd1 32. Rxa5 Rb8 33. Ra1 Bc2 34. Ra2 Bf5 35. Ra8 Rxa8 36. Bxa8 Kg7 37. Kf2 Kf6 38. Ke3 Ke6 39. Kd4 Kd6 40. b4 Bd7 41. Bd5 Bb5 42. Bc4 Bc6 43. g3 Bb7 44. h4 Bf3 45. b5 Bb7 46. b6 Bf3 47. Bd3 Kc6 48. Be4+ Bxe4 49. Kxe4 Kxb6 50. Ke5 Kc6 51. Kf6 Kd5 52. Kg7 Ke4 53. Kxh7 Kf3 54. Kxg6 Kxg3 55. f5 Kxh4 56. f6 Kg4 57. f7 Kh4 58. f8=Q Kg4 59. Qf5+ Kh4 60. Qg5+ Kh3 61. Kf5 Kh2 62. Kf4 Kh1 63. Kf3 Kh2 64. Qg4 Kh1 65. Qg6 Kh2 66. Qg7 Kh1 67. Qg8 Kh2 68. Qc4 Kh1 69. Qh4+ Kg1 70. Qf2+ Kh1 71. Qg2# 1-0


[Site "https://www.chess.com"]

[Event "Titled Tuesday Blitz March 22 Early 2022"]
[White "Sanchez Alvares, Kelvin Antonio"]
[Black "Pranav, V"]
[WhiteFideId "3906680"]
[BlackFideId "25060783"]
[WhiteElo "2193"]
[BlackElo "2349"]
[Result "0-1"]
[Round "10"]
[TimeControl "180+1"]
[Date "2022.03.22"]
[WhiteClock "0:02:08"]
[BlackClock "0:02:40"]

1. e4 e5 2. Nf3 Nf6 3. Nxe5 Nc6 4. Nxc6 dxc6 5. d3 Bc5 6. Be2 h5 7. c3 Bb6 8. h3 Qe7 9. Nd2 Be6 10. a4 a6 11. a5 Ba7 12. b3 Qc5 13. O-O Qxc3 14. Nc4 Qxa1 15. Qc2 Bxc4 16. Bb2 Qxa5 17. dxc4 O-O-O 18. e5 Qd2 19. Qf5+ Nd7 0-1


[Site "https://www.chess.com"]

[Event "Titled Tuesday Blitz March 22 Early 2022"]
[White "Saravana, Krishnan P."]
[Black "Kornyukov, Alexey"]
[WhiteFideId "5018382"]
[BlackFideId "4150457"]
[WhiteElo "2210"]
[BlackElo "2303"]
[Result "1-0"]
[Round "10"]
[TimeControl "180+1"]
[Date "2022.03.22"]
[WhiteClock "0:00:19"]
[BlackClock "0:00:16"]

1. e4 c5 2. Nf3 Nc6 3. Bb5 e6 4. O-O d5 5. d3 Nf6 6. Nc3 d4 7. Ne2 Be7 8. Ne5 Qc7 9. f4 O-O 10. Nxc6 bxc6 11. Bc4 a5 12. Ng3 Ba6 13. a4 Bxc4 14. dxc4 Rfd8 15. Qd3 Nd7 16. e5 Nb6 17. b3 f6 18. exf6 Bxf6 19. Bd2 e5 20. Rae1 Re8 21. Ne4 exf4 22. Nxf6+ gxf6 23. Rxe8+ Rxe8 24. Rxf4 Qe5 25. Rg4+ Kh8 26. h3 Qe2 27. Qf5 Qe5 28. Qxe5 fxe5 29. Bxa5 Nd7 30. Be1 e4 31. a5 d3 32. Bc3+ Ne5 33. Rxe4 dxc2 34. Re1 Kg8 35. Rc1 Nd3 36. Rxc2 Nb4 37. Bxb4 cxb4 38. Ra2 Ra8 39. a6 Kf7 40. a7 Ke7 41. Kf2 Kd7 42. Ke3 Kc7 43. Kd4 Kb7 44. Kc5 Rxa7 1-0


[Site "https://www.chess.com"]

[Event "Titled Tuesday Blitz March 22 Early 2022"]
[White "Sarkar, Justin"]
[Black "Chen, Qi b"]
[WhiteFideId "2010011"]
[BlackFideId "8614733"]
[WhiteElo "2038"]
[BlackElo "2432"]
[Result "1-0"]
[Round "10"]
[TimeControl "180+1"]
[Date "2022.03.22"]
[WhiteClock "0:00:15"]
[BlackClock "0:00:11"]

1. e4 c5 2. Nf3 Nc6 3. Nc3 g6 4. Bb5 Bg7 5. O-O Nd4 6. Nxd4 cxd4 7. Ne2 e6 8. c3 a6 9. Bd3 dxc3 10. dxc3 Ne7 11. Bg5 h6 12. Bh4 O-O 13. f4 Qb6+ 14. Kh1 Nc6 15. f5 Ne5 16. f6 Bh8 17. Qd2 Kh7 18. Rad1 Qd6 19. Qf4 g5 20. Bxg5 hxg5 21. Qxg5 Qc7 22. Rf4 Ng6 23. e5 Kg8 24. Bxg6 1-0


[Site "https://www.chess.com"]

[Event "Titled Tuesday Blitz March 22 Early 2022"]
[White "Shuvalova, Polina"]
[Black "Shuvalov, Evgenij"]
[WhiteFideId "24171760"]
[BlackFideId "4187237"]
[WhiteElo "2355"]
[BlackElo "2151"]
[Result "1-0"]
[Round "10"]
[TimeControl "180+1"]
[Date "2022.03.22"]
[WhiteClock "0:00:09"]
[BlackClock "0:00:21"]

1. d4 Nf6 2. Nf3 g6 3. c4 Bg7 4. Nc3 d5 5. cxd5 Nxd5 6. e4 Nxc3 7. bxc3 c5 8. Bb5+ Nc6 9. O-O O-O 10. Bxc6 bxc6 11. Qc2 Bg4 12. Ne5 cxd4 13. Nxg4 h5 14. Nh6+ Kh7 15. Nf5 gxf5 16. exf5 d3 17. Qd1 Rh8 18. Bg5 Bxc3 19. Rc1 Bf6 20. Bxf6 exf6 21. Qxh5+ Kg7 22. Qg4+ Kf8 23. Rxc6 Rc8 24. Rxc8 Qxc8 25. Rd1 Qc2 26. h3 Rg8 27. Qf3 Qxa2 28. Rxd3 Rg5 29. g4 Qc4 30. Rd8+ Kg7 31. Qa8 Rg6 32. fxg6 fxg6 33. Rd7+ Kh6 34. Qb7 a5 35. Rh7+ Kg5 36. Qf3 Qc1+ 37. Kg2 a4 38. h4# 1-0


[Site "https://www.chess.com"]